 Dungeon Crawl Stone Soup version 0.29-a0-541-gaf1fc19f1b (webtiles) character file.

Game seed: 7802615698167116645

102 spaghetti the Digger (level 5, 11/25 (38) HPs)
             Began as a Meteoran Earth Elementalist on June 2, 2022.
             Quit the game on level 3 of the Dungeon.
             The game lasted 00:03:08 (1539 turns).

spaghetti the Digger (Meteoran Earth Elementalist)  Turns: 1539, Time: 00:03:08

HP:   11/25 (38)    AC:  3    Str:  8 (9)  XL:     5   Next: 27%
MP:   4/10          EV: 12    Int: 16 (19) God:
Gold: 145           SH:  0    Dex: 13 (14) Spells: 5/9 levels left

rFire   . . .      SeeInvis .   (no weapon)
rCold   . . .      Faith    .   (no shield)
rNeg    . . .      Spirit   .   b - +0 robe
rPois   .          Reflect  .   (no helmet)
rElec   .          Harm     .   (no cloak)
rCorr   .          Rampage  .   x - +0 pair of gloves
Will    .....                   (no boots)
Stlth   +.........              (no amulet)
HPRegen 0.08/turn               (no ring)
MPRegen 0.12/turn               (no ring)

@: brilliant, attractive, flying (expiring), glowing, very heavily drained
A: sense surroundings 1, otherworldly, glowing, explore regen
a: no special abilities


You were on level 3 of the Dungeon.
You visited 1 branch of the dungeon, and saw 3 of its levels.

You collected 145 gold pieces.


Innate Abilities, Weirdness & Mutations

You passively map a small area around you.
You are easily found by Zot.
You glow in the dark.
You regain HP and MP as you explore.


   Skills:
 - Level 2.4 Dodging
 - Level 1.4 Stealth
 - Level 2.6 Spellcasting
 + Level 2.3 Conjurations
 - Level 1.2 Transmutations
 - Level 5.9 Earth Magic


You had 5 spell levels left.
You knew the following spells:

 Your Spells              Type           Power      Damage    Failure   Level
a - Sandblast             Erth           62%        2d14      1%          1
b - Stone Arrow           Conj/Erth      44%        3d9       11%         3

Your spell library contained the following spells:

 Spells                   Type           Power      Damage    Failure   Level
 Passwall                 Tmut/Erth      16%        N/A       7%          2
 Beastly Appendage        Tmut           18%        N/A       12%         1
 Wereblood                Tmut           9%         N/A       19%         2
 Spider Form              Tmut/Pois      6%         N/A       41%         3
 Petrify                  Tmut/Erth      20%        N/A       41%         4

Inventory:

Hand Weapons
 a - a +0 dagger {short}
   (You took it off a goblin on level 2 of the Dungeon)
 c - a +0 long sword {long}
   (You found it on level 3 of the Dungeon)
 f - a +0 dagger {short}
   (You took it off a goblin on level 1 of the Dungeon)
 h - a +0 mace {mace}
   (You found it on level 1 of the Dungeon)
 i - a +0 club {mace}
   (You took it off a goblin on level 1 of the Dungeon)
 k - a +0 dagger {short}
   (You took it off a goblin on level 1 of the Dungeon)
 m - a +0 whip {mace}
   (You took it off a kobold on level 1 of the Dungeon)
 n - a +0 club {mace}
   (You took it off a goblin on level 1 of the Dungeon)
 q - a +0 short sword {short}
   (You took it off a kobold on level 2 of the Dungeon)
 r - a +0 club {mace}
   (You took it off a goblin on level 2 of the Dungeon)
 s - a +0 club {mace}
   (You took it off a kobold on level 2 of the Dungeon)
 u - a +0 club {mace}
   (You took it off a goblin on level 2 of the Dungeon)
 w - a +0 dagger {short}
   (You found it on level 2 of the Dungeon)
 y - a +0 club {mace}
   (You took it off a goblin on level 2 of the Dungeon)
 B - a +0 club {mace}
   (You took it off a gnoll on level 2 of the Dungeon)
 C - a +0 vampiric whip {mace}
   (You took it off a kobold on level 2 of the Dungeon)
 D - a +0 short sword {short}
   (You took it off a kobold on level 3 of the Dungeon)
Missiles
 A - 2 throwing nets {=f!fthrowing}
 F - 6 poisoned darts {throwing}
Armour
 b - a +0 robe (worn)
 x - a +0 pair of gloves (worn)
   (You found it on level 2 of the Dungeon)
Magical Staves
 j - a staff of earth {!astaff}
   (You found it on level 1 of the Dungeon)
Scrolls
 v - 3 scrolls of teleportation {@r4}
 E - a scroll of enchant weapon {unknown}
Potions
 d - a potion of cancellation
 e - 2 potions of brilliance
 o - 2 potions of attraction {!q}

Dungeon Overview and Level Annotations

Branches:
Dungeon (3/15)

Altars:
Yredelemnul

Annotations:
D:3 Robin

#.#.....#
#....
#.......#
#.###
#########
#.# * #†#
*, , #.# *
* ,* #.# #
* * *#.# *
###.###.#,*
..# *
#@.....# *
#.#.###.# *
, #.# # ,
... , #.# ,
#.., * *
###* * , *
*


There were no monsters in sight!


Message History

Aiming: Stone Arrow (quite dangerous; 9% risk of failure)
Press: ? - help, Shift-Dir - straight line, f - goblin
Aim: a goblin, wielding a +0 club (60% to hit)
The stone arrow hits the goblin!!
You kill the goblin!
The goblin shouts!
Robin throws the goblin at you!
A goblin comes into view. It is wielding a +0 dagger.
The goblin hits you with a club. 😮 HP[-4] MP[-3]
You now have 25 max hp (+1).
You take 4 damage, and now have 18/25 hp.
You lost 3 mp, and now have 7/10 mp.
Casting: Stone Arrow (quite dangerous; 9% risk of failure)
Confirm with . or Enter, or press ? or * to list all spells.
The spell is quite dangerous to miscast (9% risk of failure)!
Continue anyway?
Aiming: Stone Arrow (quite dangerous; 9% risk of failure)
Press: ? - help, Shift-Dir - straight line, f - goblin
Aim: a goblin, wielding a +0 club (60% to hit)
The stone arrow hits the goblin!
You kill the goblin!
A hobgoblin comes into view.
The goblin closely misses you.
Robin says, "My army is invincible!" 😮 MP[-3]
You lost 3 mp, and now have 4/10 mp.
Casting: Stone Arrow (quite dangerous; 9% risk of failure)
Confirm with . or Enter, or press ? or * to list all spells.
The spell is quite dangerous to miscast (9% risk of failure)!
Continue anyway?
Aiming: Stone Arrow (quite dangerous; 9% risk of failure)
Press: ? - help, Shift-Dir - straight line, f - hobgoblin
Aim: a hobgoblin (68% to hit)
The stone arrow hits the hobgoblin.
You kill the hobgoblin!
The goblin hits you but does no damage. 😮 MP[-3]
You lost 3 mp, and now have 1/10 mp.
Casting: Stone Arrow (quite dangerous; 9% risk of failure)
Confirm with . or Enter, or press ? or * to list all spells.
You don't have enough magic to cast this spell.
Casting: Stone Arrow (quite dangerous; 9% risk of failure)
Confirm with . or Enter, or press ? or * to list all spells.
You don't have enough magic to cast this spell.
It was a potion of cancellation.
You feel magically purged. The goblin closely misses you.
Robin roars a battlecry!
The goblins go into a battle-frenzy!
It was a potion of brilliance.
You feel clever all of a sudden. The goblin barely misses you.
The goblin hits you but does no damage.
Unknown command.
It was a potion of degeneration.
There was something very wrong with that liquid.
You feel weakened.
You feel dopey.
You feel clumsy. The goblin hits you with a +0 dagger.
The goblin barely misses you.
A goblin comes into view. It is wielding a +0 dagger. 😮 HP[-1]
You take 1 damage, and now have 17/25 hp.
It was a potion of attraction.
You feel attractive to monsters.
The goblin shouts!
The goblin barely misses you.
The goblin hits you with a +0 dagger. 😮 HP[-4]
You take 4 damage, and now have 13/25 hp.
It was a potion of curing.
You feel better. The goblin closely misses you. x2
Robin throws the goblin at you! 😕 HP[+6] MP[+1]
You regained 6 hp, and now have 19/25 hp.
It was a potion of flight.
You feel very buoyant.
You fly up into the air.
The goblin closely misses you. x2
The goblin hits you but does no damage.
As you read the scroll labelled FIFFURPH DEERPH, it crumbles to dust.
You feel strangely unstable.
It was a scroll of teleportation.
The goblin hits you with a +0 dagger. x2
The goblin completely misses you. 😮 HP[-6]
You take 6 damage, and now have 13/25 hp.
MASSIVE DAMAGE!! (PAUSE)
As you read the scroll labelled VATOEZXIWYM, it crumbles to dust.
The scroll dissolves into smoke.
It was a scroll of fog.
The goblin hits you with a +0 dagger.
* * * LOW HITPOINT WARNING * * *
The goblin hits you with a +0 dagger.
* * * LOW HITPOINT WARNING * * *
The goblin barely misses you. 😱 HP[-7]
You take 7 damage, and now have 6/25 hp.
MASSIVE DAMAGE!! (PAUSE) Nothing appears to happen.
As you read the scroll labelled FOSTI NAOJERY, it crumbles to dust.
It was a scroll of poison.
Your surroundings suddenly seem different. 😨 HP[+4] MP[+1]
You regained 4 hp, and now have 10/25 hp.
You start resting.
You are starting to lose your buoyancy. 😨 HP[+1] MP[+1] Unknown command.
Are you sure you want to abandon this character and quit the game? (Confirm with "yes".)

Skill      XL: |  1  2  3  4  5 |
---------------+----------------+-----
Earth Magic    | 4 5 |  5.9
Conjurations   | 1 2 |  2.3
Dodging        | |  2.4
Stealth        | |  1.4
Spellcasting   | |  2.6
Transmutations | |  1.2

Action                   |  1- 3 |  4- 6 || total
-------------------------+-------+-------++-------
 Cast: Sandblast         |    28 |    10 ||    38
       Stone Arrow       |       |    15 ||    15
  Use: Potion            |       |     7 ||     7
       Scroll            |       |     3 ||     3
Armor: Robe              |       |     8 ||     8
Dodge: Dodged            |     2 |    12 ||    14

Levels and vault maps discovered:
D:1:      enne_arrival_octagon_isle, layout_basic, minmay_pentomino_p2
D:2:      layout_basic, basic_altar, minmay_3d_cube
D:3:      layout_loops_corners, amethyst_overflow_temple_binary, uniq_robin

Notes
Turn   | Place    | Note
-------+----------+-------------------------------------------
     0 | D:1      | spaghetti the Meteoran Earth Elementalist began the quest
                  | for the Orb.
     0 | D:1      | Reached XP level 1. HP: 14/14 MP: 5/5
     0 | D:1      | magus.rc [v1.9.6]
    99 | D:1      | Reached skill level 4 in Earth Magic
   116 | D:1      | Reached XP level 2. HP: 20/20 MP: 3/6
   500 | D:1      | Glimpsed the power of Zot.
   527 | D:1      | Reached skill level 5 in Earth Magic
   527 | D:1      | Reached XP level 3. HP: 26/26 MP: 4/8
   550 | D:1      | Glimpsed the power of Zot.
   607 | D:2      | You pick up a book of Changes and begin reading...
   607 | D:2      | You add the spells Beastly Appendage, Wereblood and Spider
                  | Form to your library.
   627 | D:2      | Learned a level 3 spell: Stone Arrow
   635 | D:2      | Reached XP level 4. HP: 33/33 MP: 4/9
   902 | D:2      | Found a basalt altar of Yredelemnul.
  1054 | D:2      | Reached skill level 1 in Conjurations
  1100 | D:2      | Glimpsed the power of Zot.
  1128 | D:2      | Reached XP level 5. HP: 38/38 MP: 6/10
  1150 | D:2      | Glimpsed the power of Zot.
  1190 | D:2      | Glimpsed the power of Zot.
  1199 | D:2      | Glimpsed the power of Zot.
  1200 | D:2      | Touched by the power of Zot.
  1221 | D:3      | Reached skill level 2 in Conjurations
  1514 | D:3      | Noticed Robin
  1525 | D:3      | HP: 6/25 [goblin/+0 dagger[Robin] (2)]
  1539 | D:3      | Quit the game

Vanquished Creatures
  4 adders
  2 gnolls
  A dart slug (D:3)
  2 bats
  5 endoplasms
  11 goblins
  4 hobgoblins
  4 quokkas
  3 frilled lizards
  5 kobolds
  2 rats
43 creatures vanquished.

Table legend:
 A = Non-vault XP
 B = Vault XP
 C = Vault XP percentage of total XP
 D = Non-vault monster count
 E = Vault monster count
 F = Vault count percentage of total count
                 A         B        C        D         E       F
            +---------+---------+-------+---------+---------+-------
      Total |     109 |      37 |  25.3 |      35 |       8 |  18.6
            +---------+---------+-------+---------+---------+-------
        D:1 |      37 |       0 |   0.0 |      14 |       0 |   0.0
        D:2 |      50 |      31 |  38.3 |      15 |       5 |  25.0
        D:3 |      22 |       6 |  21.4 |       6 |       3 |  33.3
            +---------+---------+-------+---------+---------+-------

Illustrated notes

Table legend:
 A = Kills in this place as a percentage of kills in entire the game.
 B = Kills by you in this place as a percentage of kills by you in the entire game.
 C = Kills by friends in this place as a percentage of kills by friends in the entire game.
 D = Other kills in this place as a percentage of other kills in the entire game.
 E = Experience gained in this place as a percentage of experience gained in the entire game.
 F = Experience gained in this place divided by the number of levels of this place that you have seen.
                   A       B       C       D       E      F
               +-------+-------+-------+-------+-------+----------------------
         Total | 100.0 | 100.0 |   N/A |   N/A | 100.0 |  48.7
       Dungeon | 100.0 | 100.0 |   N/A |   N/A | 100.0 |  48.7
               +-------+-------+-------+-------+-------+----------------------

Table legend: (Time is in decaauts)
 A = Elapsed time spent in this place.
 B = Non-inter-level travel time spent in this place.
 C = Inter-level travel time spent in this place.
 D = Time resting spent in this place.
 E = Time spent auto-exploring this place.
 F = Levels seen in this place.
 G = Mean time per level.
                   A        B        C        D        E       F      G
               +--------+--------+--------+--------+--------+-----+--------+
         Total |   1538 |   1459 |     79 |     31 |   1233 |   3 |  512.7 |
       Dungeon |   1538 |   1459 |     79 |     31 |   1233 |   3 |  512.7 |
               +--------+--------+--------+--------+--------+-----+--------+

Top non-repeatable levels by time:
     D:2: 628 daAuts
     D:1: 579 daAuts
     D:3: 330 daAuts
